 Dungeon Crawl Stone Soup version 0.24-a0-640-ge7cd8ce796 (webtiles) character file.

Game seed: 12583434602356434403, levelgen mode: deterministic

2351 Flugkiller the Zephyrmancer (level 9, -1/56 HPs)
             Began as an Octopode Air Elementalist on Sept 24, 2019.
             Was an Initiate of Vehumet.
             Slain by a hippogriff (7 damage)
             ... on level 7 of the Dungeon.
             The game lasted 00:16:16 (10166 turns).

Flugkiller the Zephyrmancer (OpAE)                 Turns: 10166, Time: 00:16:17

Health: -1/56      AC:  1    Str:  7    XL:     9   Next: 43%
Magic:  5/16       EV: 16    Int: 20    God:    Vehumet [......]
Gold:   86         SH:  0    Dex: 17    Spells: 7/18 levels left

rFire    . . .     SeeInvis .   B - +7 spear of the Kidney {pierce, Dex+4}
rCold    . . .     Gourm    .   (no shield)
rNeg     . . .     Faith    .   (helmet restricted)
rPois    .         Spirit   .   (no amulet)
rElec    .         Reflect  .   (no ring)
rCorr    .         Harm     .   (no ring)
MR       .....                  (no ring)
Stlth    ++++......             (no ring)
HPRegen  0.18/turn              (no ring)
MPRegen  0.15/turn              (no ring)
                                (no ring)
                                (no ring)

@: no status effects
A: almost no armour, stealthy swim, amphibious, 8 rings, constrict 8, camouflage
1, gelatinous body 1
a: Renounce Religion


You were on level 7 of the Dungeon.
You worshipped Vehumet.
Vehumet was noncommittal.
You were not hungry.

You visited 2 branches of the dungeon, and saw 9 of its levels.
You also visited: Sewer.

You collected 398 gold pieces.
You spent 312 gold pieces at shops.

Inventory:

Hand Weapons
 i - a +1 short sword of protection
   (You took it off a kobold on level 2 of the Dungeon)
 k - a +3 dagger
   (You found it on level 2 of the Dungeon)
 B - the +7 spear of the Kidney (weapon) {pierce, Dex+4}
   (You found it on level 7 of the Dungeon)

   It inflicts extra damage upon your enemies.
   It affects your dexterity (+4).
Missiles
 d - 139 stones (quivered)
Jewellery
 f - a cursed ring of ice {unknown}
   (You found it on level 1 of the Dungeon)
 l - a cursed ring of attention {unknown}
   (You found it on level 3 of the Dungeon)
 q - an uncursed ring of see invisible {unknown}
   (You found it in a sewer)
 u - a cursed -3 ring of strength {unknown}
   (You found it on level 5 of the Dungeon)
Wands
 v - a wand of enslavement (10)
   (You found it on level 5 of the Dungeon)
 x - a wand of acid (9)
   (You bought it in a shop on level 6 of the Dungeon)
Scrolls
 a - 2 scrolls of enchant armour
 c - 2 scrolls of remove curse {unknown}
 h - 2 scrolls of teleportation
 n - a scroll of fear {unknown}
 r - a scroll of vulnerability
 w - a scroll of blinking {unknown}
Potions
 e - 2 potions of haste
 g - 4 potions of curing
 j - a potion of brilliance
 m - a potion of heal wounds
 o - 2 potions of flight
 p - a potion of agility {unknown}
 s - a potion of lignification
 t - a potion of degeneration {unknown}
 A - a potion of might {unknown}
Comestibles
 b - 13 rations
 z - 2 chunks of flesh


   Skills:
 - Level 3.0 Fighting
 - Level 5.0 Dodging
 - Level 4.0 Stealth
 - Level 5.0 Spellcasting
 - Level 3.3 Conjurations
 + Level 8.5 Air Magic
 + Level 4.1 Evocations


You had 7 spell levels left.
You knew the following spells:

 Your Spells              Type           Power        Failure   Level  Hunger
a - Shock                 Conj/Air       ####         1%          1    None
b - Swiftness             Chrm/Air       ###.....     3%          2    None
c - Airstrike             Air            #####.....   3%          4    ####...
d - Summon Lightning Spi  Summ/Air       ###.....     21%         4    ####...

Your spell library contained the following spells:

 Spells                   Type           Power        Failure   Level  Hunger
 Static Discharge         Conj/Air       ####....     3%          3    ##.....
 Summon Small Mammal      Summ           #...         12%         1    None
 Call Imp                 Summ           #.......     17%         2    None
 Lightning Bolt           Conj/Air       ####......   28%         5    #####..
 Call Canine Familiar     Summ           #.......     34%         3    ##.....
 Summon Guardian Golem    Hex/Summ       #.......     34%         3    ##.....
 Summon Ice Beast         Ice/Summ       #.......     75%         4    ####...


Dungeon Overview and Level Annotations

Branches:
Dungeon (8/15)             Temple (1/1) D:5           Sewer (visited)
   Lair: D:8-11

Altars:
Ashenzari
Cheibriados
Dithmenos
Elyvilon
Fedhas
Gozag
Hepliaklqana
Kikubaaqudgha
Makhleb
Nemelex Xobeh
Okawaru
Qazlal
Ru
Sif Muna
Trog
Uskayaw
Vehumet
Wu Jian
Xom
Yredelemnul
Zin
The Shining One

Shops:
D:6 }

Annotations:
D:3 exclusion: worker ant
D:7 1 runed translucent door, Crazy Yiuf


Innate Abilities, Weirdness & Mutations

You cannot wear most types of armour.
You are very stealthy in the water. (Stealth+)
You are amphibious.
You can wear up to eight rings at the same time.
You can use your tentacles to constrict eight enemies at once.
Your skin changes colour to match your surroundings (Stealth+).
Your rubbery body absorbs attacks. (AC +1, EV +1)


Message History

The hippogriff is moderately wounded.
An orc warrior comes into view. It is wielding a +0 broad axe.
Casting: Shock (safe; 1% risk of failure)
Confirm with . or Enter, or press ? or * to list all spells.
Aiming: Shock (safe; 1% risk of failure)
Press: ? - help, Shift-Dir - straight line, f/p - hippogriff
Aim: a hippogriff (moderately wounded)
The zap misses the hippogriff.
The orc warrior shouts!
You barely miss the hippogriff.
The hippogriff is moderately wounded.
The hippogriff completely misses you. x2; The hippogriff misses you.
An adder skeleton comes into view.
You hit the hippogriff. Your squeeze misses the hippogriff.
The hippogriff is moderately wounded.
The hippogriff closely misses you. x2; The hippogriff claws you.
There is a stone staircase leading up here.
The hippogriff barely misses you. x3
You climb upwards.
Level annotation: 1 runed translucent door, Crazy Yiuf
There is a stone staircase leading down here.
You hit the hippogriff.
The hippogriff is moderately wounded.
The hippogriff completely misses you. The hippogriff pecks you.
The hippogriff claws you but does no damage.
You puncture the hippogriff!
The hippogriff is heavily wounded.
The hippogriff bites you. The hippogriff pecks you.
The hippogriff closely misses you.
You hit the hippogriff.
The hippogriff is severely wounded.
The hippogriff bites you! The hippogriff pecks you!
* * * LOW HITPOINT WARNING * * *
The hippogriff misses you.
Casting: Shock (safe; 1% risk of failure)
Confirm with . or Enter, or press ? or * to list all spells.
Aiming: Airstrike (safe; 3% risk of failure)
Press: ? - help, Dir - move target cursor, f - hippogriff
Aim: a hippogriff (heavily wounded)
The air twists around and violently strikes the hippogriff!!
The hippogriff is almost dead.
The hippogriff bites you!
* * * LOW HITPOINT WARNING * * *
The hippogriff misses you. The hippogriff barely misses you.
The hippogriff bites you.
* * * LOW HITPOINT WARNING * * *
The hippogriff pecks you!
* * * LOW HITPOINT WARNING * * *
The hippogriff claws you!
You die...

..........##........# #.#..#
....................# #.#.##
..#.................# #...#
..####[..###........# #..##
...##..##....#....### ####
...........#####..# ...)<......#
#..## ...........# #...######♣♣
...........# ##@.........♣♣ ♣♣#
...........####.H..........♣♣♣♣)+
##.........................)♣..♣#
##.........###.............♣.♣♣♣
##.........# #.........##♣♣♣♣♣
>..........# #.........#
########..## #.........# # ##.#
##....<...# # #.#####........##


You could see a hippogriff.

Vanquished Creatures
  Prince Ribbit (D:6)
  Menkaure (D:6)
  An ice beast (D:7)
  Purgy (Sewer)
  2 orc warriors
  2 centaurs (D:6)
  2 ogres
  3 bullfrogs
  3 scorpions
  A howler monkey (D:6)
  2 bullfrog zombies (D:5)
  3 crimson imps
  A jelly (D:4)
  2 hounds (D:7)
  2 orc priests
  A bullfrog skeleton (D:5)
  8 orc wizards
  Natasha (thrice) (D:2)
  An iguana (D:5)
  3 worker ants
  A worker ant zombie (D:7)
  4 adders
  A river rat (D:4)
  3 shadow imps
  2 oozes (D:4)
  An adder zombie (D:5)
  3 worms (D:2)
  3 dart slugs
  4 leopard geckos
  25 orcs
  A giant cockroach (D:4)
  8 goblins
  12 hobgoblins
  10 jackals
  2 quokkas (D:3)
  2 ball pythons
  10 bats
  14 frilled lizards
  A jackal zombie (D:6)
  8 kobolds
  8 rats
166 creatures vanquished.

Vanquished Creatures (others)
  A scorpion (D:4)
1 creature vanquished.

Grand Total: 167 creatures vanquished

Notes
Turn   | Place    | Note
-------+----------+-------------------------------------------
     0 | D:1      | Flugkiller the Octopode Air Elementalist began the quest
                  | for the Orb.
     0 | D:1      | Reached XP level 1. HP: 11/11 MP: 3/3
   312 | D:1      | Reached XP level 2. HP: 16/17 MP: 0/5
   932 | D:1      | Reached XP level 3. HP: 21/21 MP: 2/6
  1286 | D:1      | Learned a level 2 spell: Swiftness
  1320 | D:2      | Noticed Natasha
  1993 | D:2      | Reached skill level 4 in Air Magic
  1993 | D:2      | Reached XP level 4. HP: 27/27 MP: 2/8
  2243 | D:2      | Learned a level 4 spell: Airstrike
  2634 | D:2      | Killed Natasha
  2634 | D:2      | Reached XP level 5. HP: 28/31 MP: 5/10
  2710 | D:2      | Noticed Natasha
  2720 | D:2      | Killed Natasha
  3013 | D:2      | Noticed Natasha
  3027 | D:2      | Killed Natasha
  3976 | D:3      | Reached skill level 5 in Air Magic
  4360 | D:4      | Reached XP level 6. HP: 36/36 MP: 8/12
  4643 | D:4      | Reached skill level 1 in Fighting
  4824 | D:4      | Found a glowing drain.
  4828 | Sewer    | Entered a sewer
  4877 | Sewer    | Noticed Purgy
  4927 | Sewer    | Killed Purgy
  5066 | D:4      | Reached XP level 7. HP: 45/45 MP: 7/13
  5758 | D:5      | Entered Level 5 of the Dungeon
  6034 | D:5      | Reached skill level 5 in Dodging
  6526 | D:5      | Found a staircase to the Ecumenical Temple.
  6651 | Temple   | Entered the Ecumenical Temple
  6765 | Temple   | Became a worshipper of Vehumet
  7068 | D:6      | Reached XP level 8. HP: 52/52 MP: 1/14
  7172 | D:5      | Reached skill level 6 in Air Magic
  7647 | D:6      | Reached skill level 7 in Air Magic
  7795 | D:6      | Found a shadowy altar of Dithmenos.
  7838 | D:6      | Reached skill level 5 in Spellcasting
  8338 | D:6      | Noticed Menkaure
  8341 | D:6      | Killed Menkaure
  8456 | D:6      | Found Benaer's Gadget Shop.
  8464 | D:6      | Bought a wand of acid (9) for 312 gold pieces
  8586 | D:7      | Reached skill level 1 in Evocations
  8614 | D:7      | Noticed Prince Ribbit
  8853 | D:6      | Killed Prince Ribbit
  8853 | D:6      | Reached XP level 9. HP: 56/56 MP: 2/16
  8967 | D:6      | Found Benaer's Gadget Shop.
  9145 | D:6      | Reached skill level 8 in Air Magic
  9654 | D:7      | Found an iron altar of Okawaru.
  9668 | D:7      | Got a faintly glowing spear
  9669 | D:7      | Identified the +7 spear of the Kidney {pierce, Dex+4} (You
                  | found it on level 7 of the Dungeon)
  9686 | D:7      | Learned a level 4 spell: Summon Lightning Spire
  9904 | D:7      | Found a runed translucent door.
  9905 | D:7      | Noticed Crazy Yiuf
 10166 | D:7      | Slain by a hippogriff

Levels and vault maps discovered:
D:1:      psy_arrival_dodecagon, layout_loops_ring, minmay_lizard_king
D:2:      layout_loops_ring, first_ration, uniq_natasha
D:3:      layout_basic, kennysheep_generic_room_8
D:4:      layout_loops_corners, gup_sewer_entry_bowl
D:5:      layout_gridville, minmay_temple_entry_statues_fountains,
          minmay_door_square, grunt_decor_arrowhead
D:6:      layout_cave_pools, basic_altar, serial_shops,
          nicolae_shop_behind_doors, grunt_decor_one_mirror, uniq_menkaure
D:7:      layout_rooms, okawaru_ov_weapons_minmay, uniq_crazy_yiuf_cottage,
          uniq_prince_ribbit1
D:8:      layout_loops_ring, nicolae_overflow_hidden_temple, blue_anna_alchemist
          [blue_anna_fruit_fields, blue_anna_fruit_fields], minmay_manual_maat
Temple:   compressed_dpeg_circular_temple

Skill      XL: |  1  2  3  4  5  6  7  8  9 |
---------------+----------------------------+-----
Spellcasting   | 3 4 5 |  5.0
Air Magic      | 4 5 7 8 |  8.5
Stealth        | 4 |  4.0
Fighting       | 2 3 |  3.0
Dodging        | 3 5 |  5.0
Conjurations   | 3 |  3.3
Evocations     | 2 4 |  4.1

Action                   |  1- 3 |  4- 6 |  7- 9 || total
-------------------------+-------+-------+-------++-------
Melee: Short sword       |    17 |    29 |    89 ||   135
       Constrict         |     2 |     8 |    18 ||    28
       Tentacles         |     1 |     6 |    21 ||    28
       Unarmed           |       |       |     4 ||     4
       Spear             |       |       |    10 ||    10
Throw: Stone             |     4 |       |       ||     4
 Cast: Shock             |    82 |   108 |   146 ||   336
       Airstrike         |       |     3 |    37 ||    40
       Summon Lightning  |       |       |     3 ||     3
  Use: Scroll            |       |     3 |     6 ||     9
       Potion            |       |       |     2 ||     2
 Stab: Sleeping          |       |     1 |     3 ||     4
  Eat: Chunk             |     4 |    10 |    19 ||    33
       Ration            |       |       |     1 ||     1
Armor: Skin              |     2 |     9 |    31 ||    42
Dodge: Dodged            |    15 |    27 |   104 ||   146

Table legend:
 A = Non-vault XP
 B = Vault XP
 C = Vault XP percentage of total XP
 D = Non-vault monster count
 E = Vault monster count
 F = Vault count percentage of total count
                 A         B        C        D         E       F
            +---------+---------+-------+---------+---------+-------
      Total |    2733 |     626 |  18.6 |     148 |      19 |  11.4
            +---------+---------+-------+---------+---------+-------
        D:1 |      39 |       9 |  18.8 |      24 |       7 |  22.6
        D:2 |     179 |      36 |  16.7 |      21 |       1 |   4.5
        D:3 |      51 |       1 |   1.9 |      20 |       1 |   4.8
        D:4 |     376 |      14 |   3.6 |      23 |       2 |   8.0
        D:5 |     501 |       0 |   0.0 |      22 |       0 |   0.0
        D:6 |     867 |     429 |  33.1 |      20 |       2 |   9.1
        D:7 |     650 |       0 |   0.0 |      17 |       0 |   0.0
        D:8 |      70 |       0 |   0.0 |       1 |       0 |   0.0
      Sewer |       0 |     137 | 100.0 |       0 |       6 | 100.0
            +---------+---------+-------+---------+---------+-------
